 Dungeon Crawl Stone Soup version 0.24-a0-10-gb84795d (console) character file.

Game seed: 2701919412627749533

76 Voker57 the Slasher (level 4, -2/33 HPs)
             Began as a Demonspawn Gladiator on Jan 31, 2019.
             Shot with a stone by a goblin (4 damage)
             ... led by Robin
             ... on level 2 of the Dungeon.
             The game lasted 00:02:59 (1457 turns).

Voker57 the Slasher (Demonspawn Gladiator)          Turns: 1457, Time: 00:02:59

Health: -2/33      AC:  4    Str: 15    XL:     4   Next: 12%
Magic:  4/4        EV: 13    Int:  9    God:
Gold:   113        SH:  0    Dex: 15    Spells: 3/3 levels left

rFire    . . .     SeeInvis .   a - +0 long sword
rCold    . . .     Gourm    .   (no shield)
rNeg     . . .     Faith    .   b - +0 leather armour
rPois    .         Spirit   .   c - +0 helmet
rElec    .         Reflect  .   (no cloak)
rCorr    .         Harm     .   (no gloves)
MR       .....                  (no boots)
Stlth    +.........             (no amulet)
HPRegen  0.11/turn              (no ring)
MPRegen  0.09/turn              (no ring)

@: about to teleport
A: demonic guardian 2
a: no special abilities


You were on level 2 of the Dungeon.
You were very hungry.

You visited 1 branch of the dungeon, and saw 2 of its levels.

You collected 113 gold pieces.

Inventory:

Hand Weapons
 a - a +0 long sword (weapon)
Armour
 b - a +0 leather armour (worn)
 c - a +0 helmet (worn)
Jewellery
 l - an uncursed ring of protection from cold {unknown}
Scrolls
 g - 2 scrolls of noise {unknown}
 h - a scroll of blinking {unknown}
 i - 2 scrolls of identify {unknown}
 j - a scroll of enchant weapon {unknown}
 k - a scroll of amnesia {unknown}
Comestibles
 f - 4 rations


   Skills:
 + Level 2.3 Fighting
 + Level 3.9 Long Blades
 + Level 1.7 Throwing
 + Level 0.8 Armour
 + Level 3.1 Dodging
 + Level 0.3 Stealth


You had 3 spell levels left.
You didn't know any spells.
Your spell library was empty.

Dungeon Overview and Level Annotations

Branches:
Dungeon (2/15)

Altars:
Gozag
Lugonu

Shops:
D:2 *

Portals:
Abyss: D:1

Annotations:
D:2 Robin


Innate Abilities, Weirdness & Mutations

A demonic guardian rushes to your aid.


Message History

The goblin no longer looks unusually strong.
Robin roars a battlecry!
The goblin goes into a battle-frenzy!
The goblin misses you.
You hear a bark!
You are feeling very hungry.
You slash the goblin!
You kill the goblin!
The goblin hits you but does no damage.
The goblin unwields a +0 dagger.
The goblin wields a +0 hunting sling.
The goblin shoots a stone.
The stone hits you.
* * * LOW HITPOINT WARNING * * *
Items here: (( )))) † You aren't carrying any potions.
As you read the scroll labeled GOOMEGY KAID, it crumbles to dust.
You feel strangely unstable.
It was a scroll of teleportation.
The goblin shoots a stone.
The stone hits you.
* * * LOW HITPOINT WARNING * * *
The goblin shoots a stone.
The stone hits you.
You die...

### #.#########
#........(# ## #.#######.#
.# #.# #.# .# #.# #@#
.#######.# #)# .........#
#)# ..###.#### #g# ..# #.#
#g#########
..###.##########gh%.g.g...
>..............hh..g...ggg
.........###############g.
.####.........#
......###.....#


You could see Robin, 3 jackals and 2 goblins.

Vanquished Creatures
  2 adders (D:2)
  A worm (D:2)
  4 dart slugs
  8 bats
  2 giant cockroaches
  12 goblins
  6 hobgoblins
  A jackal (D:1)
  A kobold (D:2)
  2 frilled lizards (D:1)
  4 rats (D:1)
43 creatures vanquished.

Notes
Turn   | Place    | Note
-------+----------+-------------------------------------------
     0 | D:1      | Voker57 the Demonspawn Gladiator began the quest for the
                  | Orb.
     0 | D:1      | Reached XP level 1. HP: 16/16 MP: 1/1
   255 | D:1      | Gained mutation: A weak demonic guardian rushes to your
                  | aid. [demonic ancestry]
   255 | D:1      | Reached XP level 2. HP: 22/22 MP: 2/2
   763 | D:1      | Found a one-way gate to the infinite horrors of the Abyss.
   763 | D:1      | Found a corrupted altar of Lugonu.
   763 | D:1      | Noticed a demonic crawler
   763 | D:1      | Noticed a demonic crawler
   882 | D:2      | Gained mutation: A demonic guardian rushes to your aid.
                  | [demonic ancestry]
   882 | D:2      | Reached XP level 3. HP: 27/27 MP: 3/3
   910 | D:2      | Found an opulent altar of Gozag.
   912 | D:2      | Found Gozag's Platinum Reserve.
  1418 | D:2      | Noticed Robin
  1433 | D:2      | Reached XP level 4. HP: 28/33 MP: 4/4
  1456 | D:2      | HP: 1/33 [goblin/stone[Robin] (2)]
  1457 | D:2      | Shot with a stone by a goblin

Vault maps used:
D:1:      erik_arrival_cave_to_civilisation, minmay_tall_x
D:2:      fiery_altar_vehumet, nicolae_gozag_zags_fifth_avenue, uniq_robin

Skill      XL: |  1  2  3 |
---------------+----------+-----
Long Blades    | 3 |  3.9
Dodging        | 3 |  3.1
Fighting       | |  2.3
Throwing       | |  1.7
Armour         | |  0.8
Stealth        | |  0.3

Action                   |  1- 3 |  4- 6 || total
-------------------------+-------+-------++-------
Melee: Long sword        |   114 |    17 ||   131
Throw: Throwing net      |       |     3 ||     3
  Use: Scroll            |       |     1 ||     1
 Stab: Sleeping          |     1 |       ||     1
       Held in net/web   |       |     2 ||     2
  Eat: Chunk             |     1 |       ||     1
Armor: Leather armour    |    41 |     9 ||    50
Dodge: Dodged            |   102 |    15 ||   117
       Rpst.: Long sword |    29 |     3 ||    32

Table legend:
 A = Non-vault XP
 B = Vault XP
 C = Vault XP percentage of total XP
 D = Non-vault monster count
 E = Vault monster count
 F = Vault count percentage of total count
                 A         B        C        D         E       F
            +---------+---------+-------+---------+---------+-------
      Total |      83 |      26 |  23.9 |      28 |      15 |  34.9
            +---------+---------+-------+---------+---------+-------
        D:1 |      27 |       9 |  25.0 |      13 |       6 |  31.6
        D:2 |      56 |      17 |  23.3 |      15 |       9 |  37.5
            +---------+---------+-------+---------+---------+-------
